 Dungeon Sprint DCSS version 0.28.0-53-g5a82cb258f (webtiles) character file.

Game seed: 15215768784980880826

1013 Zeld the Cleaver (level 8, -10/85 HPs)
             Began as a Minotaur Berserker on June 4, 2022.
             Was a Priest of Trog.
             Mangled by a red devil
             ... wielding a +0 trident
             ... summoned by a kobold demonologist
              (14 damage)
             ... in the Dungeon (Sprint I: "Red Sonja").
             The game lasted 00:00:41 (644 turns).

Zeld the Cleaver (Minotaur Berserker)                Turns: 644, Time: 00:00:42

Health: -10/85     AC:  2    Str: 24    XL:     8   Next: 1%
Magic:  7/7        EV: 13    Int:  4    God:    Trog [***...]
Gold:   215        SH:  0    Dex:  6    Spells: 7/7 levels left

rFire   . . .      SeeInvis .   a - +0 hand axe
rCold   . . .      Faith    .   (no shield)
rNeg    . . .      Spirit   .   b - +0 animal skin
rPois   .          Reflect  .   (helmet restricted)
rElec   .          Harm     .   (no cloak)
rCorr   .          Rampage  .   (no gloves)
Will    .....      NoTele   +   (no boots)
Stlth   +.........              (no amulet)
HPRegen 0.24/turn               (no ring)
MPRegen 0.10/turn               (no ring)

@: spiked, on berserk cooldown, slowed, very slow
A: horns 2, retaliatory headbutt, clumsy 2
a: Renounce Religion, Berserk, Trog's Hand


You were in the Dungeon.
You worshipped Trog.
Trog was most pleased with you.
You visited 1 branch You collected 416 gold pieces.
You spent 201 gold pieces at shops.

Inventory:

Hand Weapons
 a - a +0 hand axe (weapon)
Armour
 b - a +0 animal skin (worn)
Wands
 i - a wand of iceblast (11)
Scrolls
 h - a scroll of blinking
 k - a scroll of enchant armour {unknown}
 l - 5 scrolls of identify
 m - a scroll of holy word
Potions
 c - a potion of curing
 d - a potion of heal wounds
 e - a potion of haste
 f - 2 potions of magic
 g - a potion of berserk rage
 j - a potion of mutation {unknown}


   Skills:
 * Level 12.5 Fighting
 * Level 12.6 Axes
 + Level 8.9 Armour
 + Level 8.2 Dodging


You had 7 spell levels left.
You didn't know any spells.
Your spell library was empty.

Dungeon Overview and Level Annotations

Branches:
Dungeon (1/1)

Altars:
Cheibriados
Dithmenos
Elyvilon
Fedhas
Gozag
Hepliaklqana
Kikubaaqudgha
Makhleb
Nemelex Xobeh
Okawaru
Qazlal
Ru
Sif Muna
Trog
Uskayaw
Vehumet
Wu Jian
Xom
Yredelemnul
Zin
The Shining One
Jiyva
Lugonu

Shops:
D ?


Innate Abilities, Weirdness & Mutations

You have a pair of horns on your head.
You reflexively headbutt those who attack you in melee.
You are very clumsy. (Dex -4)


Message History

You barely miss the neqoxec. The neqoxec completely misses you.
The kobold demonologist hits you with a +0 dagger.
Unknown command.
You slash the kobold demonologist!
The kobold demonologist is moderately wounded.
You closely miss the neqoxec. The neqoxec hits you.
The kobold demonologist hits you but does no damage.
Unknown command.
You hit the kobold demonologist.
The kobold demonologist is heavily wounded.
You hit the neqoxec. The neqoxec gestures at you.
Strange energies course through your body.
You feel clumsy.
The kobold demonologist gestures wildly while chanting.
You hit the kobold demonologist.
The kobold demonologist is heavily wounded.
You hit the red devil but do no damage. You barely miss the neqoxec.
The neqoxec hits you!
* * * LOW HITPOINT WARNING * * *
The kobold demonologist mumbles some strange words.
Unknown command.
You hit the kobold demonologist.
Your headbutt misses the kobold demonologist.
The kobold demonologist is severely wounded.
You barely miss the red devil. You hit the neqoxec.
The red devil hits you with a +0 trident!
* * * LOW HITPOINT WARNING * * *
Barbed spikes become lodged in your body.
The neqoxec barely misses you.
The kobold demonologist completely misses you.
You hit the kobold demonologist but do no damage.
The kobold demonologist is severely wounded.
You barely miss the neqoxec. You hit the red devil but do no damage.
You hit the shadow imp. You hit the ufetubus. The ufetubus hits you.
* * * LOW HITPOINT WARNING * * *
The ufetubus hits you.
* * * LOW HITPOINT WARNING * * *
The red devil hits you with a +0 trident!
You die...

###################
..#..'..#__#.5'...#
..').#..'..'..#K55#
#'#####'#__####3@4+
..#...#.#### #####
###..##.# __##'#_.+
...'..._# __##_.#'#
__###+#.# ### ###


You could see a kobold demonologist, a neqoxec (summoned), a red devil
(summoned), an iron imp (summoned), a shadow imp (summoned) and an ufetubus
(summoned).

Vanquished Creatures
  A kobold demonologist (D)
  A slime creature (D)
  Sigmund (D)
  A yak (D)
  A floating eye (D)
  An ogre (D)
  A jelly (D)
  Ijyb (D)
8 creatures vanquished.

Notes
Turn   | Place    | Note
-------+----------+-------------------------------------------
     0 | D        | Zeld the Minotaur Berserker began the quest for the Orb.
     0 | D        | Reached XP level 1. HP: 19/19 MP: 0/0
     2 | D        | Noticed Ijyb
     7 | D        | Killed Ijyb
     8 | D        | Reached skill level 5 in Fighting
     8 | D        | Reached skill level 5 in Axes
     8 | D        | Reached XP level 2. HP: 29/29 MP: 1/1
    51 | D        | Noticed an ogre
    58 | D        | Killed an ogre
    59 | D        | Reached skill level 5 in Armour
    59 | D        | Reached XP level 3. HP: 26/39 MP: 2/2
    59 | D        | Reached XP level 4. HP: 31/47 MP: 3/3
   227 | D        | Noticed Sigmund
   234 | D        | Killed Sigmund
   234 | D        | Reached ** piety under Trog
   235 | D        | Reached skill level 5 in Dodging
   235 | D        | Reached XP level 5. HP: 57/57 MP: 4/4
   371 | D        | Found a burning altar of Makhleb.
   371 | D        | Found a viscous altar of Jiyva.
   371 | D        | Found a shimmering altar of Xom.
   371 | D        | Found a corrupted altar of Lugonu.
   371 | D        | Noticed a slime creature
   380 | D        | Killed a slime creature
   381 | D        | Reached skill level 10 in Fighting
   381 | D        | Reached skill level 10 in Axes
   381 | D        | Reached XP level 6. HP: 67/67 MP: 5/5
   420 | D        | Found an ornate altar of the Wu Jian Council.
   420 | D        | Found a shimmering blue altar of Sif Muna.
   436 | D        | Found a radiant altar of Vehumet.
   511 | D        | Found Lymmuj's Magic Scroll Emporium.
   511 | D        | Found an ancient bone altar of Kikubaaqudgha.
   511 | D        | Found a hazy altar of Hepliaklqana.
   511 | D        | Found a stormy altar of Qazlal.
   511 | D        | Found a hide-covered altar of Uskayaw.
   511 | D        | Found a blossoming altar of Fedhas.
   511 | D        | Found a bloodstained altar of Trog.
   511 | D        | Found an iron altar of Okawaru.
   511 | D        | Found a basalt altar of Yredelemnul.
   511 | D        | Found a glowing golden altar of the Shining One.
   511 | D        | Found a snail-covered altar of Cheibriados.
   511 | D        | Found a sacrificial altar of Ru.
   511 | D        | Found a glowing silver altar of Zin.
   511 | D        | Found a shadowy altar of Dithmenos.
   511 | D        | Found a white marble altar of Elyvilon.
   511 | D        | Noticed a yak
   516 | D        | Killed a yak
   517 | D        | Reached XP level 7. HP: 74/74 MP: 6/6
   517 | D        | Found an opulent altar of Gozag.
   518 | D        | Found a sparkling altar of Nemelex Xobeh.
   590 | D        | Bought a scroll of identify for 26 gold pieces
   590 | D        | Bought a scroll of identify for 26 gold pieces
   590 | D        | Bought a scroll of identify for 26 gold pieces
   590 | D        | Bought a scroll of identify for 26 gold pieces
   590 | D        | Bought a scroll of holy word for 97 gold pieces
   617 | D        | Noticed a kobold demonologist
   617 | D        | Noticed a kobold demonologist
   619 | D        | Noticed a rust devil
   620 | D        | Noticed an ice devil
   621 | D        | Paralysed by a floating eye for 3 turns
   624 | D        | Noticed a sun demon
   630 | D        | Killed a kobold demonologist
   630 | D        | Reached *** piety under Trog
   631 | D        | Reached XP level 8. HP: 85/85 MP: 7/7
   638 | D        | Gained mutation: You are clumsy. (Dex -2) [a neqoxec]
   641 | D        | Gained mutation: You are very clumsy. (Dex -4) [a neqoxec]
   642 | D        | Noticed a red devil
   644 | D        | HP: 4/85 [ufetubus[a kobold demonologist] (3)]
   644 | D        | Mangled by a red devil

Illustrated notes

Levels and vault maps discovered:
D:        dungeon_sprint_1 [red_sonja_temple_1, red_sonja_temple_small_1]

Skill      XL: |  1  2  3  4  5  6  7 |
---------------+----------------------+-----
Fighting       | 5 7 9 10 11 12 | 12.5
Axes           | 5 7 9 10 11 12 | 12.6
Armour         | 3 5 6 7 8 |  8.9
Dodging        | 3 4 5 6 7 8 |  8.2

Action                   |  1- 3 |  4- 6 |  7- 9 || total
-------------------------+-------+-------+-------++-------
Melee: Hand axe          |     8 |    16 |    19 ||    43
       Headbutt          |     2 |     8 |     4 ||    14
       Punch             |       |     1 |     1 ||     2
Invok: Berserk           |     2 |     3 |     1 ||     6
Armor: Animal skin       |       |       |     3 ||     3
Dodge: Dodged            |     4 |     3 |     7 ||    14
